 Dungeon Crawl Stone Soup version 0.26-a0-606-g3c8f2f65f7 (webtiles) character file.

Game seed: 3701879705194115487

180317 ANON1729 the Peltast (level 18, -6/170 HPs)
             Began as a Formicid Fighter on Sept 1, 2020.
             Was the Champion of Qazlal.
             Mangled by a naga warrior
             ... wielding a +0 halberd
              (10 damage)
             ... on level 2 of the Snake Pit.
             The game lasted 01:10:50 (28722 turns).

ANON1729 the Peltast (Formicid Fighter)            Turns: 28722, Time: 01:10:50

Health: -6/170     AC: 18    Str: 26    XL:     18   Next: 95%
Magic:  22/29      EV:  2    Int: 10    God:    Qazlal [******]
Gold:   2373       SH: 47    Dex: 11    Spells: 6/17 levels left

rFire    . . .     SeeInvis +   i - +9 executioner's axe (vorpal)
rCold    . . .     Faith    .   u - +18 shield of the Gong {rElec rN+ MR+ EV-5}
rNeg     + + .     Spirit   .   g - +0 pearl dragon scales
rPois    +         Reflect  +   (helmet unavailable)
rElec    +         Harm     .   F - scarf {shadows}
rCorr    .                      (no gloves)
MR       +++..                  (no boots)
Stlth    ..........             H - amulet of reflection
HPRegen  0.38/turn              h - ring "Soffee Ytwi" {rElec Dex+6 Slay+2}
MPRegen  0.21/turn              l - ring "Roinamag" {rPois MR+ Dex-4 Slay+2}

@: mighty, lethally poisoned (-6 -> -7), protected from physical damage,
constricted, studying Shields, repel missiles
A: permanent stasis, dig shafts and tunnels, four strong arms, antennae 3,
clumsy 1, robust 1
a: Dig, Shaft Self, Upheaval, Elemental Force, Disaster Area, Renounce Religion


You were on level 2 of the Snake Pit.
You worshipped Qazlal.
Qazlal was exalted by your worship.
You visited 5 branches of the dungeon, and saw 26 of its levels.
You visited the Abyss 1 time.
You also visited: Ossuary and Gauntlet.

You collected 3748 gold pieces.
You spent 1375 gold pieces at shops.

Inventory:

Hand Weapons
 i - a +9 vorpal executioner's axe (weapon)
 y - a +0 hand axe of flaming
 V - a +0 short sword
Missiles
 c - 8 curare-tipped darts (quivered)
 Y - 21 silver javelins
Armour
 b - a +0 scale mail
 g - +0 pearl dragon scales (worn)
 u - the +18 shield of the Gong (worn) {rElec rN+ MR+ EV-5}
   (You found it on level 8 of the Dungeon)

   It affects your evasion (-5).
   It insulates you from electricity.
   It protects you from negative energy.
   It affects your resistance to hostile enchantments.
 F - a scarf of shadows (worn)
Jewellery
 h - the ring "Soffee Ytwi" (left hand) {rElec Dex+6 Slay+2}
   (You bought it in a shop on level 10 of the Dungeon)

   [ring of dexterity]

   It affects your dexterity (+6).
   It affects your accuracy and damage with ranged weapons and melee attacks
   (+2).
   It insulates you from electricity.
 l - the ring "Roinamag" (right hand) {rPois MR+ Dex-4 Slay+2}
   (You bought it in a shop on level 10 of the Dungeon)

   [ring of protection from magic]

   It affects your dexterity (-4).
   It affects your accuracy and damage with ranged weapons and melee attacks
   (+2).
   It protects you from poison.
   It affects your resistance to hostile enchantments.
 p - an uncursed amulet of faith
 v - a +6 ring of intelligence
 A - the ring of Cietaen {*Tele MR++}
   (You found it on level 5 of the Lair of Beasts)

   [ring of teleportation]

   It may teleport you next to monsters.
   It affects your resistance to hostile enchantments.
 H - an amulet of reflection (around neck)
 J - an uncursed ring of fire {unknown}
 K - an uncursed ring of resist corrosion
 P - an uncursed ring of flight
 U - a +4 ring of evasion
 X - the ring "Jicepruscho" {Ice Str+4 Dex-5}
   (You found it in a Gauntlet)

   [ring of ice]

   It enhances your ice magic.
   It affects your strength (+4).
   It affects your dexterity (-5).
   It makes you vulnerable to fire.
   It protects you from cold.
Wands
 o - a wand of acid (2)
 D - a wand of polymorph (49)
 I - a wand of digging (6)
 L - a wand of iceblast (47)
 O - a wand of flame (72)
 R - a wand of disintegration (7)
 Z - a wand of random effects (82)
Scrolls
 f - 10 scrolls of magic mapping
 k - 6 scrolls of enchant weapon
 n - 12 scrolls of remove curse
 q - 4 scrolls of enchant armour
 r - 8 scrolls of amnesia
 s - 2 scrolls of immolation
 t - 3 scrolls of fear
 w - a scroll of identify
 M - a scroll of holy word {unknown}
 Q - 2 scrolls of vulnerability
 S - 2 scrolls of torment {unknown}
Potions
 d - a potion of might
 e - 4 potions of curing
 m - 3 potions of magic
 x - 3 potions of mutation
 z - a potion of invisibility {unknown}
 B - 3 potions of stabbing {unknown}
 C - 4 potions of brilliance
 E - 3 potions of flight {unknown}
 T - 4 potions of resistance
Books
 N - a manual of Shields
Miscellaneous
 a - a box of beasts (3/3)
 j - a condenser vane (2/2)
 G - a lightning rod (4/4)
 W - a phial of floods


   Skills:
 * Level 17.2 Fighting
 * Level 12.2 Axes
 + Level 13.1 Armour
 * Level 18.6 Shields
 * Level 5.0 Necromancy
 * Level 15.7 Invocations
 + Level 10.7 Evocations


You had 6 spell levels left.
You knew the following spells:

 Your Spells              Type           Power        Failure   Level
a - Animate Skeleton      Necr           #.....       10%         1
b - Animate Dead          Necr           #.........   69%         4
c - Death Channel         Necr           #.........   100%        6

Your spell library contained the following spells:

 Spells                   Type           Power        Failure   Level
 Pain                     Necr           #...         10%         1
 Vampiric Draining        Necr           #.........   30%         3
 Apportation              Tloc           #.....       63%         1
 Corona                   Hex            #......      63%         1
 Foxfire                  Conj/Fire      #...         63%         1
 Freeze                   Ice            #...         63%         1
 Magic Dart               Conj           #...         63%         1
 Shock                    Conj/Air       #...         63%         1
 Ensorcelled Hibernation  Hex/Ice        #.....       77%         2
 Poisonous Vapours        Pois/Air       #.....       77%         2
 Searing Ray              Conj           #.....       77%         2
 Slow                     Hex            #.......     77%         2
 Confusing Touch          Hex            #.......     94%         3
 Conjure Flame            Conj/Fire      #.......     94%         3
 Dazzling Flash           Conj/Hex       #.....       94%         3
 Frozen Ramparts          Ice            #.....       94%         3
 Gell's Gravitas          Tloc           #.........   94%         3
 Inner Flame              Hex/Fire       #.......     94%         3
 Lesser Beckoning         Tloc           #.........   94%         3
 Mephitic Cloud           Conj/Pois/Air  #.......     94%         3
 Ozocubu's Armour         Ice            #.......     94%         3
 Portal Projectile        Hex/Tloc       #.....       94%         3
 Static Discharge         Conj/Air       #.......     94%         3
 Tukima's Dance           Hex            #.......     94%         3
 Agony                    Necr           #.......     95%         5
 Airstrike                Air            #.........   100%        4
 Cause Fear               Hex            #.........   100%        4
 Fulminant Prism          Conj/Hex       #.........   100%        4
 Hailstorm                Conj/Ice       #.......     100%        4
 Iskenderun's Mystic Bla  Conj/Tloc      #.......     100%        4
 Leda's Liquefaction      Hex/Erth       #.........   100%        4
 Passage of Golubria      Tloc           N/A          100%        4
 Sticky Flame             Conj/Fire      #.......     100%        4
 Summon Ice Beast         Ice/Summ       #.......     100%        4
 Summon Lightning Spire   Summ/Air       #.......     100%        4
 Bolt of Magma            Conj/Fire/Erth #.........   100%        5
 Borgnjor's Vile Clutch   Necr/Erth      #.........   100%        5
 Fireball                 Conj/Fire      #.........   100%        5
 Iskenderun's Battlesphe  Conj           #.......     100%        5
 Lightning Bolt           Conj/Air       #.........   100%        5
 Silence                  Hex/Air        #.........   100%        5
 Summon Mana Viper        Hex/Summ       #.......     100%        5
 Conjure Ball Lightning   Conj/Air       #.........   100%        6
 Freezing Cloud           Conj/Ice/Air   #.........   100%        6
 Iron Shot                Conj/Erth      #.........   100%        6
 Simulacrum               Ice/Necr       #.........   100%        6
 Orb of Destruction       Conj           #.........   100%        7
 Spellforged Servitor     Conj/Summ      #.........   100%        7
 Discord                  Hex            #.........   100%        8
 Tornado                  Air            #.........   100%        9
 Blink                    Tloc           Unusable     N/A         2
 Swiftness                Air            Unusable     N/A         2

Dungeon Overview and Level Annotations

Branches:
Dungeon (15/15)            Temple (1/1) D:4            Lair (6/6) D:10
 Shoals (0/4) Lair:2        Snake (2/4) Lair:3        Slime (0/5) Lair:5
    Orc (2/2) D:9             Elf (0/3) Orc:2        Vaults (0/5) D:13
 Depths (0/5) D:15        Ossuary (visited)         Gauntlet (visited)

Altars:
Ashenzari
Cheibriados
Dithmenos
Elyvilon
Fedhas
Gozag
Kikubaaqudgha
Nemelex Xobeh
Okawaru
Qazlal
Ru
Sif Muna
Trog
Uskayaw
Wu Jian
Xom
Yredelemnul
Zin

Shops:
D:10 =   D:11 (   D:12 :   Orc:1 (   Orc:2 =*:(

Portals:
Gauntlet: D:11

Annotations:
D:8 2 transporters, YoungGLord's ghost, journeyman GrEE


Innate Abilities, Weirdness & Mutations

You cannot be hasted, slowed, berserked, paralysed or teleported.
You can dig through walls and to a lower floor.
Your four strong arms can wield two-handed weapons with a shield.
You have a pair of large antennae on your head. (SInv)
You are clumsy. (Dex -2)
You are robust. (+10% HP)


Message History

Okay, then.
Nature churns violently around you!
The cutting wind hits the anaconda!!!
You kill the anaconda!
Qazlal accepts your kill.
The blast of ice hits the guardian serpent!!
You kill the guardian serpent!
Qazlal accepts your kill.
The blast of ice hits the naga warrior!!
The naga warrior is almost dead.
The naga warrior is flash-frozen.
You feel sick. The naga spits poison at you.
The splash of poison reflects off an invisible shield around you!
GONNNNG!
The splash of poison hits the naga but does no damage.
The naga is poisoned.
The naga constricts you. You block the naga warrior's attack.
GONNNNG!
The naga warrior hits you with a +0 halberd!
You die...

###.#.#.###
#........#####
>............#
#..##.#.#.###.####. .
.........§..... ..
.##.#....##..#####. .#
#.#......<°#..... .# #
#....##..NN# .#
......##.#)@#####.#
#......##§(§○N..)#.##.#.
..^.?..#####°.☼≈§§).....
######.# #...≈≈≈§##.#. {
## #...#≈#§# { #[..#.#.#
{{ .....≈.... {{
#.#.#...#.#. {
#.#.#...#.#.


You could see 2 naga warriors and a naga (poisoned, catching breath).

Vanquished Creatures
  Jorgrun (Orc:1)
  Rupert (D:15)
  A lich (Abyss:2)
  A tentacled starspawn (Abyss:1)
  A minotaur (Gauntlet)
  A fire dragon (D:15)
  Josephine (D:15)
  Fannar (Lair:3)
  A yaktaur captain (D:15)
  3 ogre magi (D:15)
  A vault guard (D:13)
  3 naga warriors
  7 hydras
  2 catoblepae
  Erica (D:10)
  9 anacondas
  2 centaur warriors
  11 death yaks
  A tengu warrior (D:14)
  5 orc high priests
  A thrashing horror (Abyss:2)
  16 two-headed ogres
  2 naga sharpshooters
  Urug (Lair:3)
  Sonja (Lair:3)
  A fire crab (shapeshifter) (D:14)
  A sun demon (Abyss:2)
  A sixfirhy (Abyss:1)
  A salamander mystic (Snake:2)
  2 wretched stars (Abyss:2)
  A flayed ghost (Abyss:2)
  2 unseen horrors
  A deep troll (D:15)
  6 orc knights
  3 mana vipers
  6 ugly things
  A deep elf mage (D:15)
  A manticore (D:14)
  2 oklob plants (Lair:1)
  An orc sorcerer (Orc:2)
  6 salamanders
  2 moths of wrath
  4 cyclopes
  3 merfolk sirens (Lair:2)
  2 centaur zombies
  2 elephants (Lair:6)
  2 guardian serpents
  16 black mambas
  Maurice (Orc:2)
  5 naga magi
  Psyche (D:9)
  An orange demon (Abyss:2)
  2 smoke demons (Abyss:2)
  2 gargoyles
  An apocalypse crab (Abyss:2)
  2 molten gargoyles (Gauntlet)
  9 cane toads
  4 komodo dragons
  6 kobold demonologists
  3 rime drakes
  2 ancient zymes (Abyss:2)
  8 trolls
  A merfolk (Lair:2)
  5 polar bears (Lair:6)
  A tengu conjurer (D:14)
  A queen bee (Lair:4)
  Prince Ribbit (D:9)
  3 meliai (Lair:4)
  14 blink frogs
  5 hornets
  A dream sheep (Lair:6)
  6 slime creatures
  4 redbacks (Gauntlet)
  11 hippogriffs
  Sigmund (D:6)
  13 spriggans
  2 shadows
  2 wyverns
  A vampire (D:11)
  30 yaks
  6 wraiths
  10 humans (D:13)
  A fire bat (Abyss:2)
  2 basilisks
  11 vampire mosquitoes
  A chaos spawn (Abyss:2)
  Menkaure (D:6)
  5 large abominations
  13 nagas
  6 wargs
  4 swamp worms (Lair:1)
  4 small abominations
  Edmund (D:6)
  14 water moccasins
  A soldier ant (D:12)
  43 orc warriors
  4 porcupines
  2 black bears (Lair:6)
  4 ice beasts
  6 sky beasts
  2 phantoms
  An eye of draining (D:9)
  14 ogres
  20 wolves
  5 boggarts
  8 centaurs
  8 crocodiles
  Blork the orc (D:6)
  8 big kobolds
  18 bullfrogs
  3 gnoll sergeants (D:7)
  3 scorpions
  43 killer bees
  3 howler monkeys
  12 wights
  8 starcursed masses (Abyss:2)
  13 hounds
  An iron imp (Abyss:2)
  24 orc priests
  A gnoll shaman (Orc:1)
  3 centaur skeletons
  5 iguanas
  11 jellies
  28 orc wizards
  A bullfrog skeleton (D:9)
  Jessica (D:3)
  9 worker ants
  A hound zombie (D:8)
  14 mummies (Ossuary)
  3 gnolls (Orc:1)
  A howler monkey zombie (D:6)
  A howler monkey skeleton (D:5)
  27 adders
  3 shadow imps
  A white imp (D:7)
  2 ufetubi
  An adder zombie (D:5)
  An adder skeleton (D:5)
  3 dart slugs
  A leopard gecko (D:3)
  108 orcs
  13 ball pythons
  2 bats
  3 giant cockroaches
  3 goblins
  A hobgoblin (D:2)
  9 jackals
  29 kobolds
  9 quokkas
  2 frilled lizards (D:2)
  2 gnoll skeletons (Ossuary)
  A goblin skeleton (Ossuary)
  2 kobold skeletons (Ossuary)
  A leopard gecko skeleton (D:4)
  3 orc skeletons (Ossuary)
  5 rats
  11 rat skeletons (Ossuary)
  2 starspawn tentacles (Abyss:1)
949 creatures vanquished.

Vanquished Creatures (collateral kills)
  The ghost of Uxoog the Grappler, a journeyman VSWn of Ashenzari (Lair:5)
  2 death yaks (Lair:6)
  A fire crab (shapeshifter) (Abyss:2)
  4 elephants (Lair:6)
  A rime drake (Lair:6)
  A large abomination (Abyss:2)
  A basilisk (Lair:6)
  3 yaks
  A bullfrog (Lair:5)
15 creatures vanquished.

Vanquished Creatures (others)
  Asterion (Snake:1)
  A naga ritualist (Snake:1)
  A human (D:13)
  A white imp (Abyss:2)
  An orc (D:14)
  A kobold (D:9)
  20 fungi
  2 lurking horrors
  26 plants
  4 starspawn tentacles
58 creatures vanquished.

Grand Total: 1022 creatures vanquished

Notes
Turn   | Place    | Note
-------+----------+-------------------------------------------
     0 | D:1      | ANON1729 the Formicid Fighter began the quest for the Orb.
     0 | D:1      | Reached XP level 1. HP: 18/18 MP: 1/1
   518 | D:1      | Reached XP level 2. HP: 21/24 MP: 2/2
   895 | D:2      | Reached XP level 3. HP: 22/29 MP: 3/3
   897 | D:2      | Reached skill level 4 in Shields
  1290 | D:2      | Reached XP level 4. HP: 19/37 MP: 4/4
  2040 | D:2      | Reached XP level 5. HP: 40/42 MP: 5/5
  2224 | D:3      | Noticed Jessica
  2237 | D:3      | Killed Jessica
  2554 | D:3      | Found a shimmering altar of Xom.
  2561 | D:3      | Found a snail-covered altar of Cheibriados.
  2564 | D:3      | Found a shattered altar of Ashenzari.
  2578 | D:3      | Found a sparkling altar of Nemelex Xobeh.
  2803 | D:4      | Reached XP level 6. HP: 44/49 MP: 6/6
  2887 | D:4      | Found a staircase to the Ecumenical Temple.
  2910 | D:4      | Reached skill level 5 in Shields
  2919 | Temple   | Entered the Ecumenical Temple
  2930 | Temple   | Became a worshipper of Qazlal Stormbringer
  3159 | D:4      | Reached XP level 7. HP: 38/55 MP: 5/7
  3280 | D:4      | Reached skill level 5 in Armour
  3339 | D:5      | Entered Level 5 of the Dungeon
  3395 | D:5      | Reached skill level 5 in Fighting
  3686 | D:5      | Found a white marble altar of Elyvilon.
  3856 | D:5      | You fall into a shaft and drop 1 floor!
  3899 | D:6      | Noticed Menkaure
  3901 | D:6      | Killed Menkaure
  3901 | D:6      | Reached skill level 6 in Shields
  3901 | D:6      | Reached XP level 8. HP: 57/64 MP: 8/8
  3903 | D:6      | Noticed Edmund
  3919 | D:6      | Killed Edmund
  3927 | D:6      | Found a shadowy altar of Dithmenos.
  3959 | D:6      | Noticed Blork the orc
  3965 | D:6      | Killed Blork the orc
  3965 | D:6      | Reached * piety under Qazlal
  3978 | D:6      | Reached skill level 5 in Axes
  4008 | D:6      | Found a sand-covered staircase.
  4025 | Ossuary  | Entered an ossuary
  4303 | Ossuary  | Reached ** piety under Qazlal
  4303 | Ossuary  | Reached skill level 7 in Shields
  4691 | D:6      | Noticed Sigmund
  4701 | D:6      | Killed Sigmund
  4701 | D:6      | Reached XP level 9. HP: 52/71 MP: 9/9
  5323 | D:6      | Noticed a two-headed ogre
  5352 | D:6      | Killed a two-headed ogre
  5352 | D:6      | Reached skill level 8 in Shields
  5475 | D:6      | You fall into a shaft and drop 2 floors!
  5773 | D:7      | Reached XP level 10. HP: 69/80 MP: 10/10
  6004 | D:7      | Reached skill level 9 in Shields
  6085 | D:7      | Reached *** piety under Qazlal
  6092 | D:7      | Reached skill level 1 in Invocations
  6161 | D:7      | Reached skill level 1 in Evocations
  6364 | D:7      | Noticed a green ugly thing
  6391 | D:7      | Killed a green ugly thing
  7869 | D:7      | Found a blossoming altar of Fedhas.
  8007 | D:8      | Found the +18 shield of the Gong {rElec rN+ MR+ EV-5}
  8912 | D:8      | Reached XP level 11. HP: 79/87 MP: 14/14
  8914 | D:8      | Noticed YoungGLord's ghost (journeyman GrEE)
  8917 | D:8      | Found a transporter.
  8925 | D:8      | Found a transporter.
  9059 | D:9      | Noticed a centaur warrior
  9070 | D:9      | Killed a centaur warrior
  9070 | D:9      | Reached skill level 5 in Invocations
  9139 | D:9      | Noticed Psyche
  9164 | D:9      | Killed Psyche
  9164 | D:9      | Reached skill level 10 in Shields
  9209 | D:9      | Reached **** piety under Qazlal
  9211 | D:9      | Noticed an unseen horror
  9243 | D:9      | Killed an unseen horror
  9574 | D:9      | Found a shimmering blue altar of Sif Muna.
  9732 | D:9      | Noticed Prince Ribbit
  9750 | D:9      | Killed Prince Ribbit
  9754 | D:9      | Found a staircase to the Orcish Mines.
  9759 | D:9      | Noticed a two-headed ogre
  9771 | D:9      | Killed a two-headed ogre
 10283 | D:9      | Found a glowing silver altar of Zin.
 10283 | D:9      | Found an opulent altar of Gozag.
 10334 | D:10     | Entered Level 10 of the Dungeon
 10394 | D:10     | Reached ***** piety under Qazlal
 10394 | D:10     | Reached XP level 12. HP: 10/96 MP: 14/17
 10743 | D:10     | Noticed Erica
 10756 | D:10     | Killed Erica
 10790 | D:10     | Found Saun's Jewellery Boutique.
 10865 | D:10     | Reached skill level 5 in Evocations
 11049 | D:10     | Found a staircase to the Lair.
 11367 | D:10     | Reached skill level 11 in Shields
 11420 | D:11     | Reached skill level 10 in Armour
 11470 | D:11     | Reached skill level 10 in Fighting
 11837 | D:11     | Found a bloodstained altar of Trog.
 11858 | D:11     | Noticed an unseen horror
 11875 | D:11     | Found Uxtodd's Weapon Boutique.
 11886 | D:11     | Killed an unseen horror
 12067 | D:12     | Found a gate leading to a gauntlet.
 12073 | D:12     | Noticed a two-headed ogre
 12124 | D:11     | Bought a +1 war axe of electrocution for 204 gold pieces
 12262 | D:11     | Killed a two-headed ogre
 12310 | Gauntlet | Entered a Gauntlet
 12310 | Gauntlet | Found a transporter.
 12317 | Gauntlet | Noticed a fire crab
 12326 | Gauntlet | Found a transporter.
 12326 | Gauntlet | Found a transporter.
 12333 | Gauntlet | Found a transporter.
 12333 | Gauntlet | Found a transporter.
 12333 | Gauntlet | Noticed a catoblepas
 12334 | Gauntlet | Noticed a great orb of eyes
 12340 | Gauntlet | Found a transporter.
 12341 | Gauntlet | Found a transporter.
 12354 | Gauntlet | Found a transporter.
 12360 | Gauntlet | Found a transporter.
 12367 | Gauntlet | Found a transporter.
 12367 | Gauntlet | Noticed a death yak
 12368 | Gauntlet | Noticed a death yak
 12369 | Gauntlet | Noticed a death yak
 12369 | Gauntlet | Noticed a death yak
 12371 | Gauntlet | Found a transporter.
 12470 | Gauntlet | Found a transporter.
 12493 | Gauntlet | Reached XP level 13. HP: 103/103 MP: 20/20
 12501 | Gauntlet | Reached skill level 12 in Shields
 12591 | Gauntlet | Killed a catoblepas
 12602 | Gauntlet | Reached skill level 10 in Invocations
 12604 | Gauntlet | Got a faintly glowing golden ring
 12609 | Gauntlet | Identified the ring "Jicepruscho" {Ice Str+4 Dex-5} (You
                  | found it in a Gauntlet)
 12753 | Gauntlet | Noticed a minotaur
 12768 | Gauntlet | Killed a minotaur
 12785 | Gauntlet | Identified Sif Muna's Volume of Fetching Poison
 13107 | D:12     | Reached ****** piety under Qazlal
 13263 | D:12     | Found Plog's Book Shop.
 13605 | Lair:1   | Entered Level 1 of the Lair of Beasts
 13639 | Lair:1   | Noticed a six-headed hydra
 13652 | Lair:1   | Killed a ten-headed hydra
 14950 | Lair:2   | Reached skill level 13 in Shields
 15446 | Lair:2   | Found a staircase to the Shoals.
 15660 | Lair:3   | Reached XP level 14. HP: 70/111 MP: 22/22
 15726 | Lair:3   | Reached skill level 10 in Axes
 15745 | Lair:3   | Noticed Urug
 15750 | Lair:3   | Noticed Sonja
 15776 | Lair:3   | Killed Urug
 15778 | Lair:3   | Killed Sonja
 15827 | Lair:3   | Noticed Fannar
 15837 | Lair:3   | Killed Fannar
 16320 | Lair:3   | Found a staircase to the Snake Pit.
 18508 | Lair:5   | Reached skill level 14 in Shields
 18642 | Lair:5   | Found a staircase to the Slime Pits.
 18870 | Lair:5   | Found a transporter.
 18875 | Lair:5   | Noticed Uxoog's ghost (journeyman VSWn)
 18888 | Lair:5   | Found a transporter.
 19142 | Lair:6   | Entered Level 6 of the Lair of Beasts
 19212 | Lair:6   | Reached XP level 15. HP: 97/119 MP: 12/24
 19618 | Lair:6   | Reached skill level 15 in Shields
 20531 | Lair:5   | Killed Uxoog's ghost
 20644 | Lair:4   | Identified 2 scrolls of acquirement
 20646 | Lair:4   | Acquired 650 gold pieces
 20649 | Lair:4   | Acquired a manual of Fighting
 20721 | Lair:5   | Got a clouded ivory ring
 20734 | Lair:5   | Identified the ring of Cietaen {*Tele MR++} (You found it
                  | on level 5 of the Lair of Beasts)
 20867 | Orc:1    | Entered Level 1 of the Orcish Mines
 20870 | Orc:1    | Noticed Jorgrun
 20883 | Orc:1    | Killed Jorgrun
 21428 | Orc:1    | Found Zurghial's Antique Weapon Boutique.
 21541 | Orc:2    | Entered Level 2 of the Orcish Mines
 21556 | Orc:2    | Cast into level 1 of the Abyss (orc warrior)
 21563 | Abyss:1  | Noticed a tentacled starspawn
 21570 | Abyss:1  | Killed a tentacled starspawn
 21639 | Abyss:1  | Gained mutation: You are clumsy. (Dex -2) [potion of
                  | mutation]
 21639 | Abyss:1  | Gained mutation: You are robust. (+10% HP) [potion of
                  | mutation]
 21810 | Abyss:2  | Found a corrupted altar of Lugonu.
 21835 | Abyss:2  | Noticed a tentacled starspawn
 21888 | Abyss:2  | Noticed an ancient lich
 21900 | Abyss:2  | Noticed a Brimstone Fiend
 22045 | Abyss:2  | Reached XP level 16. HP: 53/141 MP: 15/26
 22074 | Abyss:2  | Noticed a lich
 22084 | Abyss:2  | Reached skill level 16 in Shields
 22162 | Abyss:2  | Killed a lich
 22164 | Orc:2    | Escaped the Abyss
 22372 | Orc:2    | Noticed Maurice
 23023 | Orc:2    | Killed Maurice
 23201 | Orc:2    | Found a staircase to the Elven Halls.
 23905 | Orc:2    | Found Heisch's Jewellery Boutique.
 23905 | Orc:2    | Found Xidd's Assorted Antiques.
 23908 | Orc:2    | Found Ruscheugre's Book Shop.
 23909 | Orc:2    | Found Evvuats's Weapon Boutique.
 24578 | D:13     | Found a white marble altar of Elyvilon.
 24617 | D:13     | Identified the Collected Works on Dislocation and Fire
 24702 | D:13     | Reached skill level 10 in Evocations
 24783 | D:13     | Reached skill level 17 in Shields
 24797 | D:13     | Found a gate to the Vaults.
 24806 | D:13     | Learned a level 1 spell: Animate Skeleton
 24811 | D:13     | Learned a level 4 spell: Animate Dead
 24818 | D:13     | Learned a level 6 spell: Death Channel
 25298 | D:14     | Reached skill level 1 in Necromancy
 25490 | D:14     | Found a sacrificial altar of Ru.
 25874 | D:15     | Entered Level 15 of the Dungeon
 25955 | D:15     | Reached XP level 17. HP: 80/154 MP: 28/28
 25987 | D:15     | Reached skill level 15 in Invocations
 26035 | D:15     | Noticed Josephine
 26041 | D:15     | Killed Josephine
 26223 | D:15     | Found a staircase to the Depths.
 26304 | D:15     | Noticed Rupert
 26314 | D:15     | Killed Rupert
 26667 | D:15     | Reached skill level 15 in Fighting
 26815 | D:15     | Reached skill level 18 in Shields
 26822 | D:15     | Reached XP level 18. HP: 115/168 MP: 29/29
 27527 | Snake:1  | Entered Level 1 of the Snake Pit
 27679 | D:10     | Bought the ring "Soffee Ytwi" {rElec Dex+6 Slay+2} for 809
                  | gold pieces
 27679 | D:10     | Bought the ring "Roinamag" {rPois MR+ Dex-4 Slay+2} for 362
                  | gold pieces
 28268 | Snake:1  | Found a runed translucent gate.
 28268 | Snake:1  | Found a runed translucent gate.
 28268 | Snake:1  | Found a runed translucent gate.
 28508 | Snake:2  | Noticed Asterion
 28521 | Snake:1  | Killed Asterion
 28712 | Snake:2  | Reached skill level 5 in Necromancy
 28721 | Snake:2  | HP: 4/170 [naga warrior/+0 hand axe (6)]
 28722 | Snake:2  | Mangled by a naga warrior

Illustrated notes

Levels and vault maps discovered:
D:1:      eino_arrival_water_star, layout_basic
D:2:      layout_basic, kennysheep_nondescript, minmay_snake_closets
D:3:      layout_loops_ring, grunt_temple_overflow_cloverleaf, uniq_jessica
D:4:      layout_loops_ring, minmay_temple_entry_stoned_glass
D:5:      layout_cave_pools, tso_altar, kennysheep_little_box, elyvilon_altar_3
D:6:      layout_loops_ring, lightli_ossuary_entry_decrepit_ruins,
          nicolae_dithmenos_the_darkroom, uniq_menkaure, uniq_blork_the_orc,
          uniq_edmund, uniq_sigmund
D:7:      layout_layer_cave, fedhas_altar_4, sword_in_stone
D:8:      layout_layer_cave, gammafunk_ghost_mausoleum
D:9:      layout_gridville, grunt_temple_overflow_gold_and_silver,
          overflow_temple_1_default, david_orc_3, minmay_checkerbox,
          uniq_prince_ribbit1, uniq_psyche
D:10:     layout_gridville, lair_entry_dummy, serial_shops,
          nicolae_shop_statue_plus, uniq_erica
D:11:     layout_big_octagon, serial_shops, shop, basic_altar
D:12:     layout_rooms, gauntlet_entry_generic, serial_shops, shop
D:13:     layout_basic, ximxim_vaults_locker_room, basic_altar
D:14:     layout_cave_pools, palyth_stone_intersect,
          nicolae_ru_sacrificial_ziggurat
D:15:     hangedman_depths_entry_civil_slaughter, layout_loops_ring,
          nicolae_benzene_ring, grunt_decor_mini_mirrors, uniq_rupert,
          uniq_josephine
Temple:   nicolae_temple_x_marks_the_god
Lair:1:   layout_gridlike, worms_lemuel, grunt_megastairs_1,
          minmay_lair_oklob_chamber
Lair:2:   layout_long_grid, elwin_shoals_entry_stream, lemuel_fruit_tree
Lair:3:   layout_regular_city, minmay_snake_entry_guardpost_large,
          kennysheep_catoblepas_arena, uniq_sonja, uniq_urug, uniq_fannar
Lair:4:   layout_roguey [special_room_bee]
Lair:5:   layout_long_grid, slime_dummy, gammafunk_ghost_berserking_beasts
Lair:6:   minmay_lair_end_enchanted_forest, layout_cave_shapes
Snake:1:  layout_misc_corridors, nicolae_snake_horde_hoard
Snake:2:  layout_basic, basic_altar, nicolae_snake_round_shape_thing,
          uniq_asterion
Orc:1:    layout_diamond_mine, serial_shops, nicolae_shop_stone, uniq_jorgrun
Orc:2:    st_orc_pillars, layout_caves, nicolae_orc_bridge_out, uniq_maurice

Skill      XL: |  1  2  3  4  5  6  7  8  9 10 11 12 13 14 15 16 17 18 |
---------------+-------------------------------------------------------+-----
Shields        | 4 5 6 7 8 9 10 11 13 14 15 17 18 | 18.6
Fighting       | 4 5 6 7 8 9 10 11 12 14 16 17 | 17.2
Armour         | 4 5 6 7 8 9 10 11 12 13 | 13.1
Axes           | 3 4 5 6 7 8 9 10 11 12 | 12.2
Invocations    | 4 7 9 11 12 13 14 15 | 15.7
Evocations     | 2 4 6 7 8 9 10 | 10.7
Necromancy     | 2 3 5 |  5.0

Action                   |  1- 3 |  4- 6 |  7- 9 | 10-12 | 13-15 | 16-18 || total
-------------------------+-------+-------+-------+-------+-------+-------++-------
Melee: War axe           |    79 |   174 |   341 |   715 |   861 |   643 ||  2813
       Hand axe          |       |       |       |       |     5 |       ||     5
       Executioner's axe |       |       |       |       |       |   185 ||   185
Throw: Dart              |       |       |       |     1 |       |       ||     1
Invok: Upheaval          |       |       |       |     2 |     6 |    14 ||    22
       Elemental Force   |       |       |       |       |     4 |     1 ||     5
       Disaster Area     |       |       |       |       |       |     1 ||     1
 Abil: Dig               |       |       |     3 |     3 |     6 |     2 ||    14
Evoke: Wand              |       |       |    14 |    11 |    25 |     3 ||    53
       Lightning rod     |       |       |       |       |    10 |       ||    10
       Condenser vane    |       |       |       |       |     5 |     2 ||     7
       Box of beasts     |       |       |       |       |     6 |       ||     6
  Use: Scroll            |       |       |     1 |     4 |    19 |     5 ||    29
       Potion            |       |       |       |     3 |    27 |    14 ||    44
 Stab: Distracted        |       |       |       |     1 |       |       ||     1
Armor: Scale mail        |    41 |    74 |    59 |    90 |    85 |     6 ||   355
       Skin              |       |       |       |       |     2 |       ||     2
       Pearl dragon scal |       |       |       |       |       |    88 ||    88
Dodge: Dodged            |    39 |    67 |    72 |    89 |    94 |    52 ||   413
       Repelled          |       |       |       |       |     8 |     1 ||     9
Block: Kite shield       |    51 |   119 |   146 |  1030 |  1427 |  1238 ||  4011
       Reflection        |       |       |       |    20 |    44 |    45 ||   109
       Other             |       |       |       |       |    16 |       ||    16

Table legend: (Time is in decaauts)
 A = Elapsed time spent in this place.
 B = Non-inter-level travel time spent in this place.
 C = Inter-level travel time spent in this place.
 D = Time resting spent in this place.
 E = Time spent auto-exploring this place.
 F = Levels seen in this place.
 G = Mean time per level.
                   A        B        C        D        E       F      G
               +--------+--------+--------+--------+--------+-----+--------+
         Total |  29022 |  27151 |   1871 |   7515 |  13495 |  30 |  967.4 |
       Dungeon |  16176 |  15160 |   1016 |   3782 |   8087 |  15 | 1078.4 |
        Temple |     15 |     15 |      0 |      0 |      4 |   1 |   15.0 |
          Lair |   7377 |   6665 |    712 |   1795 |   3690 |   6 | 1229.5 |
     Snake Pit |   1024 |    988 |     36 |    258 |    448 |   2 |  512.0 |
  Orcish Mines |   2493 |   2386 |    107 |    901 |    941 |   2 | 1246.5 |
         Abyss |    563 |    563 |      0 |    163 |     36 |   2 |  281.5 |
       Ossuary |    657 |    657 |      0 |    236 |    130 |   1 |  657.0 |
      Gauntlet |    713 |    713 |      0 |    380 |    159 |   1 |  713.0 |
               +--------+--------+--------+--------+--------+-----+--------+

Top non-repeatable levels by time:
     D:7: 2055 daAuts
     D:9: 1984 daAuts
  Lair:3: 1819 daAuts
    D:15: 1534 daAuts
   Orc:1: 1481 daAuts
     D:8: 1462 daAuts
     D:2: 1451 daAuts
  Lair:1: 1404 daAuts
  Lair:4: 1171 daAuts
    D:10: 1167 daAuts
  Lair:6: 1120 daAuts
  Lair:5: 1107 daAuts
     D:6: 1095 daAuts
   Orc:2: 1011 daAuts
 Snake:1: 941 daAuts
